 Dungeon Crawl Stone Soup version 0.30.0-17-ge0270778cf (webtiles) character file.

Game seed: 6263003312991422109

2456 speedhar the Fighter (level 9, -2/81 HPs)
             Began as a Minotaur Fighter on May 22, 2023.
             Was a Follower of the Shining One.
             Slain by a two-headed ogre
             ... wielding a +0 giant club
              (21 damage)
             ... on level 7 of the Dungeon.
             The game lasted 00:23:31 (7981 turns).

speedhar the Fighter (Minotaur Fighter)             Turns: 7981, Time: 00:23:32

Health: -2/81      AC: 10    Str: 23    XL:     9   Next: 26%
Magic:  9/9        EV:  9    Int:  7    God:    the Shining One [*.....]
Gold:   450        SH:  6    Dex: 10    Spells: 8/8 levels left

rFire   . . .        a - +0 spear (venom)
rCold   . . .        c - +1 buckler
rNeg    . . .        w - +0 scale mail
rPois   .            (helmet restricted)
rElec   .            B - +0 cloak
rCorr   .            C - +0 pair of gloves
SInv    .            (no boots)
Will    .....        (no amulet) Stlth
                     (no ring)
HPRegen 0.33/turn    (no ring)
MPRegen 0.11/turn

%: no passive effects
@: glowing
A: horns 2, retaliatory headbutt
a: Renounce Religion, Divine Shield


You were on level 7 of the Dungeon.
You worshipped the Shining One.
The Shining One was aware of your devotion.
You visited 2 branches of the dungeon, and saw 9 of its levels.

You collected 450 gold pieces.

Inventory:

Hand Weapons
 a - a +0 spear of venom (weapon)
 b - a +1 flail of holy wrath
 h - a +1 quarterstaff of holy wrath
 l - a +0 flail
 q - a +2 war axe of flaming
Missiles
 s - 10 poisoned darts (quivered)
Armour
 c - a +1 buckler (worn)
 w - a +0 scale mail (worn)
 B - a +0 cloak (worn)
 C - a +0 pair of gloves (worn)
Jewellery
 x - a ring of willpower
Wands
 r - a wand of acid (10)
 u - a wand of paralysis (9)
 v - a wand of roots (14)
 y - a wand of digging (5)
Scrolls
 e - a scroll of enchant weapon
 f - 6 scrolls of identify
 g - 6 scrolls of magic mapping
 i - a scroll of silence {unknown}
 k - a scroll of noise
 m - 2 scrolls of blinking
 n - a scroll of teleportation
 D - a scroll of immolation
Potions
 d - a potion of attraction
 j - 3 potions of degeneration
 o - 2 potions of curing
 p - 3 potions of ambrosia
 t - 3 potions of flight
 z - a potion of mutation
 A - a potion of brilliance


   Skills:
 + Level 8.2 Fighting
 + Level 7.7 Maces & Flails
 + Level 8.2 Armour
 + Level 8.1 Shields
 - Level 2.3 Invocations


You had 8 spell levels left.
You didn't know any spells.
Your spell library contained the following spells:

 Spells                   Type           Power      Damage    Failure   Level
 Necrotise                Necr           0%         1d4       77%         1
 Sublimation of Blood     Necr           0%         N/A       88%         2
 Wereblood                Tmut           0%         N/A       88%         2
 Dazzling Flash           Conj/Hex       0%         N/A       98%         3
 Summon Guardian Golem    Hex/Summ       0%         N/A       98%         3
 Tukima's Dance           Hex            0%         N/A       98%         3
 Vampiric Draining        Necr           0%         2d6       98%         3
 Vhi's Electric Charge    Tloc/Air       0%         N/A       98%         3
 Passage of Golubria      Tloc           0%         N/A       100%        4
 Agony                    Necr           0%         N/A       100%        5
 Arcjolt                  Conj/Air       0%         1d10      100%        5
 Silence                  Hex/Air        0%         N/A       100%        5
 Summon Forest            Summ/Tloc      0%         N/A       100%        5
 Yara's Violent Unravell  Hex/Tmut       0%         3d3       100%        5
 Eringya's Noxious Bog    Tmut/Pois      0%         N/A       100%        6
 Plasma Beam              Fire/Air       0%         2x1d11    100%        6
 Orb of Destruction       Conj           0%         9d5       100%        7
 Spellforged Servitor     Conj/Summ      0%         N/A       100%        7
 Summon Hydra             Summ           0%         N/A       100%        7


Dungeon Overview and Level Annotations

Branches:
Dungeon (8/15)             Temple (1/1) D:7
   Lair: D:8-11

Altars:
Ashenzari
Cheibriados
Dithmenos
Elyvilon
Fedhas
Gozag
Hepliaklqana
Kikubaaqudgha
Makhleb
Nemelex Xobeh
Okawaru
Qazlal
Trog
Uskayaw
Vehumet
Wu Jian
Xom
Yredelemnul
Zin
The Shining One
Lugonu

Shops:
D:2 [=*


Innate Abilities, Weirdness & Mutations

You have a pair of horns on your head.
You reflexively headbutt those who attack you in melee.


Message History

Your headbutt misses the bullfrog.
The bullfrog is severely wounded.
The bullfrog hits you but does no damage.
You block the gnoll's attack.
The bullfrog hits you but does no damage.
You kill the gnoll!
You kill the bullfrog!
You climb upwards.
There is a stone staircase leading down here.
Things that are here:
a +0 robe; a +4 trident You start resting.
HP restored.
You climb downwards.
The two-headed ogre closely misses you. You furiously retaliate!
You headbutt the two-headed ogre!
The two-headed ogre hits you with a +0 giant spiked club!!
There is a stone staircase leading up, spattered with blood here.
The two-headed ogre hits you with a +0 giant club!
The two-headed ogre hits you but does no damage.
You climb upwards.
There is a stone staircase leading down here.
Things that are here:
a +0 robe; a +4 trident You hit the two-headed ogre.
The two-headed ogre is moderately wounded.
The two-headed ogre hits you with a +0 giant club!!
The two-headed ogre closely misses you.
You hit the two-headed ogre.
The two-headed ogre is poisoned.
The two-headed ogre is moderately wounded.
The two-headed ogre closely misses you.
The two-headed ogre hits you with a +0 giant spiked club!
* * * LOW HITPOINT WARNING * * *
You puncture the two-headed ogre!
The two-headed ogre looks as sick as possible!
The two-headed ogre is heavily wounded.
You hit the two-headed ogre but do no damage.
The two-headed ogre looks as sick as possible!
You headbutt the two-headed ogre.
The two-headed ogre is heavily wounded.
The two-headed ogre hits you with a +0 giant club!!
You die...

#.#.###.~♣####.###### ######.#
#.#.≈#^..~# #.#########...##.#
#.##..♣^^## #...........#.##.#
#..##§_≈### #.########.....#.#
##.###⌠##.# #.# ##.#.#.#.###
##.....##.# #.#######...........
......###.####.##......#.⌠.#...##
###...###......##....#.......#...
#............O@..#...⌠.>.⌠...#. #
#...########[###...#.......#...
###..## #.# #.#...#.⌠.#...##
.##..# #.# #...........### .)...#
#.# #.##...#.#...###
.##.##########.###.####.........#
.........................#.####.#
'#..##########.#.....##....# #.#
.#..### #...[...##.#### #..


You could see a two-headed ogre (extremely poisoned).

Vanquished Creatures
  Joseph (D:7)
  A hornet (D:7)
  An orc warrior (D:8)
  A black bear (D:5)
  An ice beast (D:5)
  A sky beast (D:6)
  2 ogres
  2 phantoms (D:6)
  A kobold brigand (D:6)
  3 bullfrogs
  A scorpion (D:4)
  A gnoll sergeant (D:8)
  3 wights (D:7)
  A howler monkey (D:5)
  7 hounds
  3 jellies
  Crazy Yiuf (D:7)
  A sleepcap (D:7)
  4 iguanas
  Natasha (D:2)
  7 gnolls
  5 adders
  A shadow imp (D:7)
  A white imp (D:6)
  2 ufetubi
  A worm (D:2)
  2 dart slugs
  9 orcs
  6 bats
  A bat zombie (D:4)
  11 endoplasms
  A giant cockroach (D:2)
  6 goblins
  A hobgoblin (D:2)
  7 jackals
  11 kobolds
  3 quokkas (D:2)
  12 ball pythons
  2 frilled lizards
  3 rats
129 creatures vanquished.

Notes
Turn   | Place    | Note
-------+----------+-------------------------------------------
     0 | D:1      | speedhar the Minotaur Fighter began the quest for the Orb.
     0 | D:1      | Reached XP level 1. HP: 19/19 MP: 0/0
   151 | D:1      | Reached XP level 2. HP: 27/27 MP: 1/1
   701 | D:1      | Reached XP level 3. HP: 33/33 MP: 2/2
  1082 | D:2      | Found Ruguin's Assorted Antiques.
  1105 | D:2      | Noticed Natasha
  1116 | D:2      | Killed Natasha
  1117 | D:2      | Reached XP level 4. HP: 39/41 MP: 3/3
  1204 | D:2      | Found Cupi's Jewellery Boutique.
  1255 | D:2      | Found Meowneg's Antique Armour Boutique.
  1649 | D:3      | Identified the +0 robe "Huskinopn" {rF+ Archmagi}
  1838 | D:3      | Found a broken altar of Ashenzari.
  1842 | D:3      | Saw a vision of the Shoals and the Snake Pit.
  1842 | D:3      | Noticed a merfolk aquamancer
  1842 | D:3      | Noticed a mana viper
  1842 | D:3      | Noticed a harpy
  1842 | D:3      | Noticed a black mamba
  1842 | D:3      | Noticed a naga mage
  1842 | D:3      | Noticed a naga sharpshooter
  1842 | D:3      | Noticed a naga
  1842 | D:3      | Noticed a naga sharpshooter
  1842 | D:3      | Noticed a merfolk
  1842 | D:3      | Noticed a merfolk impaler
  1842 | D:3      | Noticed a merfolk
  1842 | D:3      | Noticed a wind drake
  1842 | D:3      | Noticed a water nymph
  1842 | D:3      | Noticed a manticore
  1842 | D:3      | Noticed a harpy
  1842 | D:3      | Noticed a sea snake
  1842 | D:3      | Noticed a merfolk
  1842 | D:3      | Noticed a black mamba
  1843 | D:3      | Noticed a merfolk siren
  1851 | D:3      | Noticed a naga warrior
  2250 | D:4      | Noticed an ogre
  2255 | D:4      | Killed an ogre
  2256 | D:4      | Reached XP level 5. HP: 47/47 MP: 4/4
  2277 | D:4      | Found a hazy altar of Hepliaklqana.
  2282 | D:4      | Found an iron altar of Okawaru.
  2286 | D:4      | Found a hide-covered altar of Uskayaw.
  2289 | D:4      | Found a white marble altar of Elyvilon.
  2289 | D:4      | Found a shadowy altar of Dithmenos.
  2290 | D:4      | Found a radiant altar of Vehumet.
  2296 | D:4      | Found an ornate altar of the Wu Jian Council.
  2396 | D:4      | Reached skill level 5 in Fighting
  2396 | D:4      | Reached skill level 5 in Armour
  2396 | D:4      | Reached skill level 5 in Shields
  2439 | D:4      | Reached XP level 6. HP: 47/56 MP: 5/5
  2935 | D:4      | Found an ancient bone altar of Kikubaaqudgha.
  3395 | D:4      | Found a glowing golden altar of the Shining One.
  3403 | D:4      | Became a worshipper of the Shining One
  3656 | D:5      | Entered Level 5 of the Dungeon
  3797 | D:5      | Noticed an ice beast
  3808 | D:5      | Killed an ice beast
  3809 | D:5      | Reached skill level 5 in Maces & Flails
  3809 | D:5      | Reached XP level 7. HP: 62/62 MP: 6/6
  4867 | D:6      | Reached skill level 1 in Invocations
  5108 | D:6      | Found a blossoming altar of Fedhas.
  5226 | D:6      | Reached XP level 8. HP: 63/71 MP: 8/8
  6044 | D:7      | Noticed a hornet
  6054 | D:7      | Killed a hornet
  6479 | D:7      | Found a shimmering altar of Xom.
  6728 | D:7      | Found a staircase to the Ecumenical Temple.
  6742 | Temple   | Entered the Ecumenical Temple
  6872 | D:7      | Found a shimmering altar of Xom.
  6881 | D:7      | Found a shimmering altar of Xom.
  7048 | D:7      | Found an opulent altar of Gozag.
  7054 | D:7      | Noticed Joseph
  7054 | D:7      | Reached * piety under the Shining One
  7079 | D:7      | Killed Joseph
  7080 | D:7      | Reached XP level 9. HP: 18/81 MP: 9/9
  7424 | D:7      | Found a runed translucent door.
  7425 | D:7      | Noticed Crazy Yiuf
  7573 | D:7      | Killed Crazy Yiuf
  7942 | D:8      | Noticed a two-headed ogre
  7981 | D:7      | Slain by a two-headed ogre

Illustrated notes

Levels and vault maps discovered:
D:1:      co_arrival_random_square_maze, layout_basic
D:2:      layout_rooms, serial_shops, shop, shop, shop, serial_park_tiny_2,
          uniq_natasha
D:3:      layout_basic, grunt_ashenzari_visionary
          [grunt_ashenzari_visionary_shoals, grunt_ashenzari_visionary_snake]
D:4:      layout_basic, lemuel_zombie_altar_kikubaaqudgha,
          mainiacjoe_overflow_alcove_1, nicolae_overflow_hallway_of_the_gods
D:5:      layout_cave_pools, reono_crystal_passage
D:6:      layout_loops_cross, fedhas_altar_4, hangedman_decor_slide_cut
D:7:      layout_loops_ring, xom_redecorated,
          mainiacjoe_overflow_surrounded_room, minmay_temple_entry_sparse_star,
          uniq_joseph, uniq_crazy_yiuf_cottage
D:8:      layout_rooms, due_lair_maze_entry_diamond, minmay_microvault,
          uniq_prince_ribbit1
Temple:   corrupted_temple

Skill      XL: |  1  2  3  4  5  6  7  8  9 |
---------------+----------------------------+-----
Fighting       | 4 5 6 7 8 |  8.2
Armour         | 4 5 6 7 8 |  8.2
Shields        | 4 5 6 7 8 |  8.1
Maces & Flails | 3 4 5 7 |  7.7
Invocations    | 1 2 |  2.3

Action                     |  1- 3 |  4- 6 |  7- 9 || total
---------------------------+-------+-------+-------++-------
  Melee: Flail             |    24 |       |    25 ||    49
         Headbutt          |     7 |    24 |    48 ||    79
         Spear             |    34 |   137 |   163 ||   334
  Throw: Dart              |       |     4 |    33 ||    37
    Use: Potion            |       |     1 |     1 ||     2
         Scroll            |       |       |    15 ||    15
 Armour: Scale mail        |    23 |    44 |    72 ||   139
  Dodge: Dodged            |    31 |    60 |    74 ||   165
  Block: Buckler           |    10 |    29 |    42 ||    81
